 Seeded DCSS version 0.30-a0-1066-g63dfefce0d (webtiles) character file.

Game seed: 13020561292390072626 (custom seed)

2046 Pimp the Firebug (level 9, -1/65 HPs)
             Began as a Demonspawn Fire Elementalist on Apr 12, 2023.
             Slain by a wyvern (7 damage)
             ... on level 7 of the Dungeon.
             The game lasted 00:13:40 (5531 turns).

Pimp the Firebug (Demonspawn Fire Elementalist)     Turns: 5531, Time: 00:13:40

Health: -1/65      AC: 10    Str:  8    XL:     9   Next: 4%
Magic:  0/15       EV: 14    Int: 25    God:
Gold:   268        SH:  0    Dex: 20    Spells: 10/17 levels left

rFire   . . .      SeeInvis .    o - +0 short sword (heavy)
rCold   . . .      Faith    .    (no shield)
rNeg    . . .      Spirit   +    a - +1 robe
rPois   .          Reflect  .    p - +2 helmet
rElec   .          Rampage  .    (no cloak)
rCorr   .                        c - +3 pair of gauntlets of War {Slay+5}
Will    .....                    (no boots)
Stlth   ++++                     (no amulet)
HPRegen 0.30/turn                m - +6 ring of intelligence
MPRegen 0.28/turn                n - ring of wizardry

@: lethally poisoned (-1 -> -6), slowed, very slow
A: thin skeletal structure 2, magic shield, magic regeneration, demonic touch 2,
MP-powered wands
a: no special abilities


You were on level 7 of the Dungeon.
You visited 1 branch of the dungeon, and saw 7 of its levels.

You collected 268 gold pieces.

Inventory:

Hand Weapons
 d - a +0 dagger
 f - a +0 hand axe
 o - a +0 heavy short sword (weapon)
Missiles
 u - 2 throwing nets
Armour
 a - a +1 robe (worn)
 c - the +3 pair of gauntlets of War (worn) {Slay+5}
   (You acquired it on level 1 of the Dungeon)

   Slay:      It affects your accuracy & damage with ranged weapons and melee
   (+5).
 p - a +2 helmet (worn)
Jewellery
 m - a +6 ring of intelligence (left hand)
 n - a ring of wizardry (right hand)
 r - a ring of see invisible
 z - a +4 ring of protection
Wands
 k - a wand of polymorph (6)
 q - a wand of mindburst (8) (quivered)
Scrolls
 h - 2 scrolls of blinking
 l - a scroll of silence
 s - a scroll of identify
 v - a scroll of summoning
 w - 3 scrolls of teleportation
 y - a scroll of fog
 A - a scroll of enchant weapon {unknown}
Potions
 b - a potion of magic
 e - a potion of might
 g - 2 potions of brilliance
 i - a potion of curing
 j - 3 potions of cancellation
 t - 3 potions of heal wounds
 x - a potion of haste {unknown}
 B - a potion of degeneration {unknown}
 C - a potion of ambrosia


   Skills:
 + Level 4.2 Fighting
 + Level 3.8 Short Blades
 + Level 3.1 Armour
 + Level 4.5 Dodging
 + Level 2.0 Stealth
 + Level 4.5 Spellcasting
 + Level 4.5 Conjurations
 + Level 4.9 Fire Magic


You had 10 spell levels left.
You knew the following spells:

 Your Spells              Type           Power      Damage    Failure   Level
a - Foxfire               Conj/Fire      100%       2x1d9     1%          1
b - Scorch                Fire           60%        2d8       1%          2
c - Flame Wave            Conj/Fire      29%        2d9       4%          4

Your spell library contained the following spells:

 Spells                   Type           Power      Damage    Failure   Level
 Static Discharge         Conj/Air       34%        2-4/arc   2%          2
 Inner Flame              Hex/Fire       18%        N/A       4%          3
 Volatile Blastmotes      Fire/Tloc      36%        2d13      4%          3
 Airstrike                Air            2%         2d(1-17)  32%         4
 Summon Lightning Spire   Summ/Air       5%         N/A       32%         4


Dungeon Overview and Level Annotations

Branches:
Dungeon (7/15)             Temple (0/1) D:7

Altars:
Ashenzari
Nemelex Xobeh
Qazlal
Wu Jian
Xom

Shops:
D:6 :

Annotations:
D:3 2 transporters


Innate Abilities, Weirdness & Mutations

You have a moderately thin skeletal structure. (Dex +4, Stealth++)
When hurt, damage is shared between your health and your magic reserves.
You regenerate magic rapidly.
Your touch may inflict irresistible damage on your foes.
You expend magic power (3 MP) to strengthen your wands.


Message History

The wyvern is severely wounded.
The flame wave engulfs the water moccasin!
The water moccasin is almost dead.
The flame wave engulfs the water moccasin!
The water moccasin is almost dead.
The flame wave engulfs the hornet.
The hornet is heavily wounded. (Press . to intensify the flame waves.)
You feel sick. The wyvern bites you.
* * * LOW HITPOINT WARNING * * *
The water moccasin barely misses you. The water moccasin closely misses you.
The hornet stings you.
* * * LOW HITPOINT WARNING * * *
You are more poisoned.
You feel as though you will be slow longer.
The water moccasin bites you but does no damage.
An iguana comes into view.
The hornet stings you but does no damage.
The water moccasin bites you but does no damage.
The wyvern bites you but does no damage.
The orc closely misses you. The water moccasin closely misses you.
The hornet misses you. The wyvern closely misses you.
The water moccasin bites you but does no damage.
Your Stealth skill increases to level 2!
A wave of flame ripples out!
The flame wave engulfs the orc!
You kill the orc!
The flame wave engulfs the wyvern.
The wyvern is severely wounded.
The flame wave engulfs the water moccasin!
You kill the water moccasin!
The flame wave engulfs the water moccasin!
You kill the water moccasin!
The flame wave engulfs the hornet!
The hornet is severely wounded.
The flame wave engulfs the orc!
You kill the orc!
* * * LOW HITPOINT WARNING * * *
You feel very sick. The hornet closely misses you. The wyvern bites you!
You die...

#$ ##( # #. !..
$ . ..#.. .#
..###.#H###.# #
......#To...#..
.........).....
......)†y).....
......†@l)...l.
###[...†......#
##...8)8.8..#
##..⌠.†.⌠...
.........##
...>..>.###
..[.......
##########.#


You could see a manticore, a troll, a hornet, a wyvern, an iguana and an orc.

Vanquished Creatures
  Prince Ribbit (D:5)
  4 water moccasins
  An ogre (D:4)
  A black bear (D:6)
  2 phantoms
  A kobold brigand (D:7)
  A gnoll sergeant (D:6)
  4 scorpions
  3 wights (D:5)
  2 howler monkeys
  2 jellies (D:6)
  3 hounds
  2 orc priests
  2 sleepcaps (D:6)
  Natasha (thrice) (D:2)
  5 iguanas
  2 orc wizards (D:5)
  5 gnolls (D:6)
  8 adders
  2 shadow imps
  A white imp (D:7)
  An ufetubus (D:6)
  A worm (D:2)
  4 dart slugs
  12 orcs
  7 endoplasms
  3 giant cockroaches
  4 goblins
  5 hobgoblins
  3 jackals (D:2)
  10 kobolds
  2 quokkas
  6 ball pythons
  2 bats
  A frilled lizard (D:1)
  3 rats
119 creatures vanquished.

Vanquished Creatures (others)
  88 foxfires
88 creatures vanquished.

Grand Total: 207 creatures vanquished

Notes
Turn   | Place    | Note
-------+----------+-------------------------------------------
     0 | D:1      | Pimp the Demonspawn Fire Elementalist began the quest for
                  | the Orb.
     0 | D:1      | Reached XP level 1. HP: 13/13 MP: 3/3
    31 | D:1      | Identified a scroll of acquirement
    31 | D:1      | Acquired the +3 pair of gauntlets of War {Slay+5}
    31 | D:1      | Found the +3 pair of gauntlets of War {Slay+5}
   394 | D:1      | Gained mutation: You have a somewhat thin skeletal
                  | structure. (Dex +2, Stealth+) [demonic ancestry]
   394 | D:1      | Reached XP level 2. HP: 16/19 MP: 3/5
   886 | D:1      | Learned a level 2 spell: Scorch
   936 | D:2      | Noticed Natasha
   945 | D:2      | Killed Natasha
   946 | D:2      | Gained mutation: You regenerate magic rapidly. [demonic
                  | ancestry]
   946 | D:2      | Reached XP level 3. HP: 25/25 MP: 0/6
  1087 | D:2      | Noticed Natasha
  1097 | D:2      | Killed Natasha
  1098 | D:2      | Reached skill level 1 in Fighting
  1098 | D:2      | Reached skill level 1 in Short Blades
  1153 | D:2      | Gained mutation: When hurt, damage is shared between your
                  | health and your magic reserves. [demonic ancestry]
  1153 | D:2      | Reached XP level 4. HP: 32/32 MP: 7/7
  1439 | D:2      | Noticed Natasha
  1452 | D:2      | Killed Natasha
  1613 | D:3      | Found a transporter.
  1699 | D:3      | Found a transporter.
  1736 | D:3      | Found a stormy altar of Qazlal.
  1918 | D:3      | Found a shimmering altar of Xom.
  2078 | D:3      | Found a broken altar of Ashenzari.
  2114 | D:3      | HP: 1/32 [orc priest/nerve-wracking pain (8)]
  2115 | D:3      | Gained mutation: You expend magic power (3 MP) to
                  | strengthen your wands. [potion of mutation]
  2115 | D:3      | Gained mutation: You sometimes lose your temper in combat.
                  | [potion of mutation]
  2115 | D:3      | Gained mutation: You are dopey. (Int -2) [potion of
                  | mutation]
  2115 | D:3      | Gained mutation: You have sharp toenails. [potion of
                  | mutation]
  2118 | D:3      | Gained mutation: Your touch may inflict minor irresistible
                  | damage on your foes. [demonic ancestry]
  2118 | D:3      | Reached XP level 5. HP: 12/37 MP: 6/9
  2477 | D:4      | Noticed an ogre
  2557 | D:4      | Found an ornate altar of the Wu Jian Council.
  2929 | D:4      | Killed an ogre
  2930 | D:4      | Reached XP level 6. HP: 44/44 MP: 4/10
  3084 | D:4      | Lost mutation: You expend magic power (3 MP) to strengthen
                  | your wands. [potion of mutation]
  3084 | D:4      | Lost mutation: You have sharp toenails. [potion of
                  | mutation]
  3084 | D:4      | Lost mutation: You sometimes lose your temper in combat.
                  | [potion of mutation]
  3084 | D:4      | Gained mutation: You expend magic power (3 MP) to
                  | strengthen your wands. [potion of mutation]
  3084 | D:4      | Lost mutation: You are dopey. (Int -2) [potion of mutation]
  3370 | D:5      | Entered Level 5 of the Dungeon
  3468 | D:5      | Gained mutation: You have a moderately thin skeletal
                  | structure. (Dex +4, Stealth++) [demonic ancestry]
  3468 | D:5      | Reached XP level 7. HP: 50/51 MP: 11/11
  3635 | D:5      | Reached skill level 1 in Armour
  4001 | D:5      | Noticed Prince Ribbit
  4012 | D:5      | Killed Prince Ribbit
  4013 | D:5      | Reached XP level 8. HP: 30/58 MP: 4/13
  4190 | D:5      | Learned a level 4 spell: Flame Wave
  4774 | D:6      | Found Righy's Book Boutique.
  5271 | D:6      | Found a sparkling altar of Nemelex Xobeh.
  5522 | D:7      | Noticed a hornet
  5522 | D:7      | Found a staircase to the Ecumenical Temple.
  5527 | D:7      | Noticed a troll
  5528 | D:7      | Noticed a manticore
  5529 | D:7      | Gained mutation: Your touch may inflict irresistible damage
                  | on your foes. [demonic ancestry]
  5529 | D:7      | Reached XP level 9. HP: 34/65 MP: 2/15
  5531 | D:7      | Slain by a wyvern

Illustrated notes

Levels and vault maps discovered:
D:1:      lightli_arrival_lavapool, layout_basic
D:2:      layout_loops_ring, uniq_natasha
D:3:      gammafunk_steamed_eel, layout_loops_cross,
          ashenzari_conservatory_becter, mainiacjoe_overflow_brackets,
          xom_teletrap_fun, serial_bayou_crossing
D:4:      layout_basic, nicolae_wu_jian_wuxing_cycle
D:5:      layout_basic, uniq_prince_ribbit1
D:6:      layout_basic, marbit_many_paths, serial_shops, nicolae_square_shop
D:7:      hangedman_cross_stitches, layout_basic, kiku_gazebo_pond_becter,
          mainiacjoe_overflow_catwalk_spiral,
          minmay_temple_entry_drinking_statues, grunt_potential

Skill      XL: |  1  2  3  4  5  6  7  8  9 |
---------------+----------------------------+-----
Dodging        | 2 3 4 |  4.5
Fire Magic     | 3 4 |  4.9
Fighting       | 1 2 3 4 |  4.2
Short Blades   | 1 2 3 |  3.8
Conjurations   | 2 3 4 |  4.5
Spellcasting   | 3 4 |  4.5
Armour         | 2 3 |  3.1
Stealth        | 2 |  2.0

Action                     |  1- 3 |  4- 6 |  7- 9 || total
---------------------------+-------+-------+-------++-------
  Melee: Dagger            |     9 |       |       ||     9
         Punch             |     1 |       |     1 ||     2
         Short sword       |     1 |    74 |    50 ||   125
         Touch             |       |     9 |    13 ||    22
         Kick              |       |     2 |       ||     2
   Cast: Foxfire           |    29 |    20 |     3 ||    52
         Scorch            |       |     1 |    20 ||    21
         Flame Wave        |       |       |     6 ||     6
    Use: Scroll            |     8 |     4 |     2 ||    14
         Potion            |       |     7 |     4 ||    11
   Stab: Sleeping          |     3 |    12 |     7 ||    22
 Armour: Robe              |     3 |    25 |    44 ||    72
  Dodge: Dodged            |     8 |    44 |    77 ||   129

Table legend: (Time is in decaauts)
 A = Elapsed time spent in this place.
 B = Non-inter-level travel time spent in this place.
 C = Inter-level travel time spent in this place.
 D = Time resting spent in this place.
 E = Time spent auto-exploring this place.
 F = Levels seen in this place.
 G = Mean time per level.
                   A        B        C        D        E       F      G
               +--------+--------+--------+--------+--------+-----+--------+
         Total |   5611 |   5422 |    189 |    705 |   3556 |   7 |  801.6 |
       Dungeon |   5611 |   5422 |    189 |    705 |   3556 |   7 |  801.6 |
               +--------+--------+--------+--------+--------+-----+--------+

Top non-repeatable levels by time:
     D:5: 1221 daAuts
     D:4: 1015 daAuts
     D:6: 958 daAuts
     D:1: 891 daAuts
     D:3: 797 daAuts
     D:2: 717 daAuts
     D:7: 10 daAuts
